 Dungeon Crawl Stone Soup version 0.28-a0-10-g964c8b829e (webtiles) character file.

Game seed: 3854767703287631551

71453 pkoi the Severer (level 14, -2/138 HPs)
             Began as a Minotaur Gladiator on July 26, 2021.
             Was a High Priest of Ru.
             Slain by a merfolk (13 damage)
             ... on level 2 of the Shoals.
             The game lasted 00:33:59 (22600 turns).

pkoi the Severer (Minotaur Gladiator)              Turns: 22600, Time: 00:33:59

Health: -2/138     AC: 13    Str: 28    XL:     14   Next: 97%
Magic:  13/13      EV:  4    Int:  5    God:    Ru [*****.]
Gold:   2474       SH:  0    Dex: 23    Spells: 13/13 levels left

rFire   . . .      SeeInvis .   g - +1 battleaxe (spect)
rCold   + . .      Faith    .   (shield currently unavailable)
rNeg    . . .      Spirit   .   t - +0 plate armour
rPois   .          Reflect  .   c - +1 hat
rElec   +          Harm     .   (no cloak)
rCorr   .          Rampage  .   J - +0 pair of gloves
Will    +....                   P - +0 pair of boots
Stlth   ..........              z - amulet "Giziocw" {*Corrode rElec Regen+ Dex+5 Slay+5}
HPRegen 1.33/turn               T - ring "Jeixeu Zated" {rElec Str+4 Dex+6}
MPRegen 0.13/turn               M - ring of Xom's Bemusement {rC+ Slay+2}

@: corroded, held
A: horns 2, inability to use devices, hated by all, inability to train dodging,
retaliatory headbutt
a: Renounce Religion, Draw Out Power, Power Leap, Apocalypse


You were on level 2 of the Shoals.
You worshipped Ru.
Ru was extremely pleased with you.
You visited 4 branches of the dungeon, and saw 21 of its levels.
You also visited: Trove and Ossuary.

You collected 2474 gold pieces.

Inventory:

Hand Weapons
 a - a +0 flail
 g - a +1 spectral battleaxe (weapon)
 j - a +0 battleaxe of freezing
 A - a +2 whip of flaming
 B - the +0 battleaxe "Noif" {antimagic, rPois Will++ Str-3 Int+4}
   (You found it on level 5 of the Lair of Beasts)

   It reduces the magical energy of the wielder, and disrupts the spells and
   magical abilities of those it strikes.
   Natural abilities and divine invocations are not affected.
   Str:       It affects your strength (-3).
   Int:       It affects your intelligence (+4).
   rPois:     It protects you from poison.
   Will:      It greatly increases your willpower.
Missiles
 b - 3 atropa-tipped darts
 d - 3 throwing nets
 k - 12 silver javelins
 o - 6 javelins
 p - 4 boomerangs of dispersal
 D - 50 poisoned darts (quivered)
Armour
 c - a +1 hat (worn)
 t - a +0 plate armour (worn)
 J - a +0 pair of gloves (worn)
 P - a +0 pair of boots (worn)
Jewellery
 f - an amulet of faith
 z - the amulet "Giziocw" (around neck) {*Corrode rElec Regen+ Dex+5 Slay+5}
   (You found it in a treasure trove)

   [amulet of regeneration]

   Dex:       It affects your dexterity (+5).
   Slay:      It affects your accuracy & damage with ranged weapons and melee
   (+5).
   rElec:     It insulates you from electricity.
   Regen:     It increases your rate of health regeneration.
   *Corrode:  It may corrode you when you take damage.
 M - the ring of Xom's Bemusement (right hand) {rC+ Slay+2}
   (You found it on level 2 of the Lair of Beasts)

   [ring of protection from cold]

   Slay:      It affects your accuracy & damage with ranged weapons and melee
   (+2).
   rC:        It protects you from cold.
 S - a ring of poison resistance
 T - the ring "Jeixeu Zated" (left hand) {rElec Str+4 Dex+6}
   (You found it in a treasure trove)

   [ring of dexterity]

   Str:       It affects your strength (+4).
   Dex:       It affects your dexterity (+6).
   rElec:     It insulates you from electricity.
Scrolls
 e - 3 scrolls of identify
 h - 3 scrolls of brand weapon
 i - a scroll of acquirement
 l - 8 scrolls of teleportation
 n - 4 scrolls of blinking
 r - a scroll of amnesia
 s - 5 scrolls of enchant armour
 K - a scroll of enchant weapon
 L - 2 scrolls of fog
 N - a scroll of silence
Potions
 m - 2 potions of cancellation
 u - 3 potions of flight
 v - 4 potions of brilliance
 w - a potion of berserk rage
 x - a potion of invisibility
 C - 2 potions of ambrosia
 F - a potion of might
 H - a potion of heal wounds
 I - a potion of resistance


   Skills:
 + Level 16.4 Fighting
 + Level 17.9(18.4) Axes
 - Level 8.4(14.2) Maces & Flails
 + Level 4.6 Throwing
 + Level 15.9 Armour


You had 13 spell levels left.
You didn't know any spells.
Your spell library contained the following spells:

 Spells                   Type           Power      Damage    Failure   Level
 Foxfire                  Conj/Fire      0%         2x1d4     97%         1
 Pain                     Necr           0%         1d4       97%         1
 Static Discharge         Conj/Air       0%         N/A       99%         2
 Conjure Flame            Conj/Fire      0%         6-21      100%        3
 Frozen Ramparts          Ice            0%         1d2       100%        3
 Inner Flame              Hex/Fire       0%         N/A       100%        3
 Dispel Undead            Necr           0%         3d6       100%        4
 Ice Form                 Ice/Tmut       0%         N/A       100%        4
 Borgnjor's Vile Clutch   Necr/Erth      0%         N/A       100%        5
 Lightning Bolt           Conj/Air       0%         1d11      100%        5
 Maxwell's Capacitive Co  Air            0%         ∞         100%        8
 Death's Door             Necr           0%         N/A       100%        9
 Animate Skeleton         Necr           Unusable   N/A       N/A         1
 Animate Dead             Necr           Unusable   N/A       N/A         4
 Summon Ice Beast         Ice/Summ       Unusable   N/A       N/A         4
 Death Channel            Necr           Unusable   N/A       N/A         6

Dungeon Overview and Level Annotations

Branches:
Dungeon (12/15)            Temple (1/1) D:7            Lair (6/6) D:8
 Shoals (2/4) Lair:2       Spider (0/4) Lair:2        Slime (0/5) Lair:6
    Orc (0/2) D:12        Ossuary (visited)

Altars:
Ashenzari
Cheibriados
Dithmenos
Elyvilon
Fedhas
Gozag
Hepliaklqana
Kikubaaqudgha
Makhleb
Nemelex Xobeh
Okawaru
Qazlal
Ru
Sif Muna
Trog
Uskayaw
Vehumet
Wu Jian
Xom
Yredelemnul
Zin
The Shining One

Shops:
D:1 (:=(!   Shoals:1 =

Annotations:
Shoals:2 Ilsuiw


Innate Abilities, Weirdness & Mutations

You have a pair of horns on your head.
You cannot study or use magical devices.
You are hated by all.
You cannot train Dodging skill.
You reflexively headbutt those who attack you in melee.


Message History

Your unstable footing causes you to fumble your attack.
The merfolk hits you from afar with a +0 trident! x2
The merfolk impaler barely misses you.
Unknown command.
You closely miss Ilsuiw. You headbutt Ilsuiw!
Ilsuiw is moderately wounded.
You slice the plant!!
Your spectral +1 spectral battleaxe hits the plant!!
Your spectral +1 spectral battleaxe hits the plant!
Your spectral +1 spectral battleaxe hits Ilsuiw.
A nearby plant withers and dies.
Ilsuiw gestures wildly while chanting.
Ilsuiw blinks!
The merfolk hits you but does no damage.
The merfolk impaler hits you from afar with a +0 trident!!
The merfolk hits you from afar with a +0 trident!!
You are too injured to fight recklessly!
Unknown command.
You are too injured to fight recklessly!
Unknown command.
You are too injured to fight recklessly!
Unknown command.
You are too injured to fight recklessly!
Unknown command.
Unknown command.
A nearby plant withers and dies.
Ilsuiw hits you from afar with a +3 trident of freezing.
* * * LOW HITPOINT WARNING * * *
The merfolk impaler hits you from afar with a +0 trident!
* * * LOW HITPOINT WARNING * * *
The merfolk throws a throwing net.
The throwing net hits you.
You become entangled in the net!
Ilsuiw sings, "To sleep, to sleep... mayhap to drown."
Ilsuiw begins to cast a spell, but is stunned by your conviction!
The merfolk impaler hits you from afar with a +0 trident!
* * * LOW HITPOINT WARNING * * *
You see here a throwing net.
You tear a large gash into the net.
The merfolk hits you from afar with a +0 trident!
You die...

≈≈≈≈≈≈≈≈≈≈≈≈≈≈≈≈
≈≈≈≈≈≈≈≈≈≈.≈≈.≈≈P
≈≈≈≈≈≈≈≈≈.≈......
≈≈≈≈≈≈≈≈≈≈≈≈....#
≈≈≈≈≈≈≈≈≈≈≈.....#
≈≈≈≈≈≈≈≈≈≈......#####.
≈≈≈≈≈≈≈≈.#####.≈.....P
≈≈≈≈≈≈≈()#####m)≈P.≈≈≈
≈≈≈≈≈≈≈≈....@.mm≈≈≈≈P≈
≈≈≈≈≈≈≈≈..<...m≈≈PPP≈≈
≈≈≈≈≈≈≈≈.#[...≈≈PPPP≈≈
≈≈≈≈≈≈≈≈.#PP.P≈PPP≈≈≈≈
≈≈≈≈≈≈≈≈...P≈≈≈PPP≈≈≈≈
≈≈≈≈≈≈≈≈≈≈≈≈≈P≈≈≈P≈≈≈≈
≈≈≈≈≈≈≈≈≈≈≈≈P≈≈≈≈≈≈≈≈
≈≈≈≈≈≈≈≈≈≈≈≈≈≈≈≈≈≈≈≈≈
≈≈≈≈≈≈≈≈≈≈≈≈≈≈≈≈


You could see Ilsuiw, a merfolk impaler and 2 merfolk.

Vanquished Creatures
  A titan (Shoals:1)
  Kirke (D:11)
  A frost giant (Shoals:1)
  A merfolk javelineer (Shoals:1)
  Snorg (Lair:4)
  Josephine (Shoals:1)
  A merfolk impaler (Shoals:1)
  A boulder beetle (D:12)
  4 catoblepae (Lair:6)
  3 hydras
  2 merfolk avatars
  3 two-headed ogres
  A death knight (D:11)
  7 death yaks
  Pikel (D:6)
  3 harpies (Shoals:1)
  An orb spider (Lair:2)
  A faun (Shoals:1)
  4 oklob plants
  2 ugly things (D:12)
  6 manticores
  15 elephants
  2 cyclopes (Shoals:1)
  Joseph (D:7)
  3 black mambas
  A merfolk siren (Shoals:2)
  3 water nymphs (Shoals:1)
  8 cane toads
  A kobold demonologist (D:11)
  4 rime drakes
  7 komodo dragons
  4 merfolk
  Grinder (D:6)
  A troll (D:9)
  2 hornets
  A meliai zombie (D:10)
  5 blink frogs
  Prince Ribbit (D:5)
  7 wraiths
  2 wyverns
  3 water elementals
  Eustachio (D:4)
  81 yaks
  2 basilisks
  3 hogs
  5 steam dragons
  3 wargs (D:8)
  2 acid dragons
  Duvessa (D:5)
  23 water moccasins
  3 black bears (Lair:5)
  5 orc warriors (D:12)
  A sky beast (D:5)
  An ice beast (D:7)
  31 wolves
  2 ogres
  4 phantoms
  7 centaurs
  3 lemures (D:6)
  A kobold brigand (D:11)
  A gnoll sergeant (D:12)
  A wyvern zombie (D:5)
  22 bullfrogs
  10 scorpions
  Dowan (D:5)
  A water moccasin skeleton (D:5)
  A killer bee (D:12)
  4 electric eels
  7 howler monkeys
  2 jellies
  2 centaur zombies
  7 orc priests
  A bullfrog skeleton (D:6)
  2 hounds
  3 centaur skeletons
  11 orc wizards
  A killer bee zombie (D:7)
  2 hound skeletons (D:5)
  8 mummies (Ossuary)
  A howler monkey zombie (D:6)
  Robin (D:4)
  10 gnolls
  A howler monkey skeleton (D:7)
  5 adders
  An ufetubus (D:5)
  2 worms
  2 dart slugs
  35 orcs
  5 ball pythons
  5 endoplasms
  4 giant cockroaches
  2 gnoll zombies (Ossuary)
  13 goblins
  8 hobgoblins
  4 jackals (D:3)
  3 quokkas (D:1)
  5 bats
  3 frilled lizards
  3 hobgoblin zombies (Ossuary)
  5 kobolds
  3 kobold zombies (Ossuary)
  6 rats
  A butterfly (D:12)
  2 plants (D:8)
514 creatures vanquished.

Vanquished Creatures (others)
  A hydra (Lair:5)
  A cane toad (Lair:2)
  A blink frog (Lair:5)
  A centaur (D:12)
  25 fungi
  101 plants
130 creatures vanquished.

Grand Total: 644 creatures vanquished

Notes
Turn   | Place    | Note
-------+----------+-------------------------------------------
     0 | D:1      | pkoi the Minotaur Gladiator began the quest for the Orb.
     0 | D:1      | Reached XP level 1. HP: 18/18 MP: 0/0
   363 | D:1      | Reached XP level 2. HP: 22/25 MP: 1/1
   458 | D:1      | Found Kaozevuq's Distillery.
   520 | D:1      | Found Huczawu's Weapon Shoppe.
   520 | D:1      | Found Kyas's Jewellery Boutique.
   864 | D:1      | Found Enkauf's Book Shoppe.
   890 | D:1      | Found Uzxixoge's Weapon Shoppe.
  1373 | D:2      | Reached XP level 3. HP: 31/31 MP: 2/2
  1829 | D:3      | Noticed a centaur
  1835 | D:3      | Killed a centaur
  1836 | D:3      | Reached skill level 1 in Axes
  1836 | D:3      | Reached XP level 4. HP: 10/40 MP: 3/3
  1836 | D:3      | Reached XP level 5. HP: 12/46 MP: 4/4
  1843 | D:3      | Reached skill level 2 in Axes
  2161 | D:3      | Found a sacrificial altar of Ru.
  2163 | D:3      | Found a radiant altar of Vehumet.
  2167 | D:3      | Found a basalt altar of Yredelemnul.
  2167 | D:3      | Found a snail-covered altar of Cheibriados.
  2167 | D:3      | Found a white marble altar of Elyvilon.
  2169 | D:3      | Found a glowing silver altar of Zin.
  2185 | D:3      | Became a worshipper of Ru the Awakened
  2527 | D:3      | Reached skill level 1 in Armour
  2903 | D:4      | Noticed a phantom
  2906 | D:4      | Killed a phantom
  2907 | D:4      | Reached skill level 3 in Axes
  2907 | D:4      | Reached XP level 6. HP: 45/53 MP: 5/5
  3198 | D:4      | Noticed Robin
  3207 | D:4      | Killed Robin
  3215 | D:4      | Reached skill level 4 in Axes
  3417 | D:4      | Reached skill level 5 in Fighting
  3427 | D:4      | Noticed Eustachio
  3430 | D:4      | Killed Eustachio
  3431 | D:4      | Reached skill level 5 in Axes
  3431 | D:4      | Reached XP level 7. HP: 61/61 MP: 6/6
  3945 | D:5      | Entered Level 5 of the Dungeon
  4076 | D:5      | Reached skill level 6 in Axes
  4164 | D:5      | Noticed Prince Ribbit
  4184 | D:5      | Killed Prince Ribbit
  4185 | D:5      | Reached skill level 7 in Axes
  4185 | D:5      | Reached XP level 8. HP: 56/71 MP: 7/7
  4340 | D:5      | Reached skill level 5 in Armour
  4383 | D:5      | Reached skill level 8 in Axes
  4498 | D:5      | Noticed Duvessa
  4500 | D:5      | Noticed Dowan
  4503 | D:5      | Killed Duvessa
  4507 | D:5      | Found a stormy altar of Qazlal.
  4508 | D:5      | Killed Dowan
  4524 | D:5      | Noticed an air elemental
  4564 | D:5      | Reached skill level 9 in Axes
  4787 | D:6      | Noticed Grinder
  4794 | D:6      | Killed Grinder
  4795 | D:6      | Reached XP level 9. HP: 53/80 MP: 8/8
  5349 | D:6      | Found a sand-covered staircase.
  5392 | Ossuary  | Entered an ossuary
  5666 | D:6      | Noticed Pikel
  5672 | D:6      | Killed Pikel
  5673 | D:6      | Reached skill level 10 in Axes
  5828 | D:7      | Noticed Joseph
  5839 | D:7      | Killed Joseph
  5886 | D:7      | Found a staircase to the Ecumenical Temple.
  5906 | Temple   | Entered the Ecumenical Temple
  6149 | D:7      | Reached skill level 11 in Axes
  6828 | D:8      | Reached XP level 10. HP: 91/91 MP: 9/9
  6835 | D:8      | Found a staircase to the Lair.
  7114 | D:8      | Found a blossoming altar of Fedhas.
  7135 | D:8      | Noticed an oklob plant
  7217 | D:8      | Reached skill level 12 in Axes
  7754 | D:9      | Reached skill level 10 in Fighting
  8383 | D:10     | Entered Level 10 of the Dungeon
  8435 | D:10     | Reached skill level 13 in Axes
  8442 | D:10     | Gained mutation: You are hated by all. [Ru sacrifice]
  8442 | D:10     | Reached * piety under Ru
  8570 | D:10     | Reached XP level 11. HP: 97/101 MP: 10/10
  9178 | D:11     | Noticed a two-headed ogre
  9190 | D:11     | Reached skill level 10 in Armour
  9192 | D:11     | Killed a two-headed ogre
  9193 | D:11     | Reached skill level 14 in Axes
  9484 | Lair:1   | Entered Level 1 of the Lair of Beasts
  9612 | Lair:1   | Reached skill level 5 in Maces & Flails
 10788 | Lair:2   | Found a staircase to the Shoals.
 10990 | Lair:2   | Gained mutation: You cannot study or use magical devices.
                  | [Ru sacrifice]
 10990 | Lair:2   | Reached ** piety under Ru
 10990 | Lair:2   | Reached *** piety under Ru
 11074 | Lair:2   | Reached XP level 12. HP: 112/112 MP: 11/11
 11314 | Lair:2   | Found a hole to the Spider Nest.
 12466 | Lair:3   | Identified the ring "Macipt" {rF+ rCorr Int+2}
 13025 | Lair:2   | Identified the ring of Xom's Bemusement {rC+ Slay+2}
 13042 | Lair:2   | Got the Reference Book on Unholy Rites
 13218 | Lair:4   | Noticed Snorg
 13703 | Lair:4   | Gained mutation: You cannot train Dodging skill. [Ru
                  | sacrifice]
 13703 | Lair:4   | Reached **** piety under Ru
 13703 | Lair:4   | Reached ***** piety under Ru
 13766 | Lair:4   | Reached skill level 15 in Axes
 13777 | Lair:4   | Identified a scroll of acquirement
 13777 | Lair:4   | Acquired 761 gold pieces
 14274 | Lair:4   | Killed Snorg
 14773 | Lair:5   | Noticed a six-headed hydra
 14782 | Lair:5   | Killed a six-headed hydra
 15107 | Lair:5   | Reached XP level 13. HP: 113/122 MP: 12/12
 16379 | Lair:5   | Reached skill level 16 in Axes
 16382 | Lair:5   | Identified the +0 battleaxe "Noif" {antimagic, rPois Will++
                  | Str-3 Int+4}
 16566 | Lair:6   | Entered Level 6 of the Lair of Beasts
 17092 | Lair:6   | Found a staircase to the Slime Pits.
 17910 | Lair:6   | Reached skill level 15 in Fighting
 18323 | Lair:6   | Reached XP level 14. HP: 70/135 MP: 13/13
 19158 | Lair:6   | Reached skill level 17 in Axes
 19574 | D:11     | Found a portal to a secret trove of treasure.
 19696 | D:11     | Reached skill level 15 in Armour
 20288 | D:11     | You paid a toll of a +4 ring of slaying to enter a treasure
                  | trove
 20289 | Trove    | Entered a treasure trove
 20289 | Trove    | Found the brooch of Shielding {Spirit SH+8}
 20293 | Trove    | Identified the ring of Anaschagg {Wiz rC+}
 20295 | Trove    | Identified the ring "Mufew" {rF+ rN+}
 20306 | Trove    | Identified the amulet "Giziocw" {*Corrode rElec Regen+
                  | Dex+5 Slay+5}
 20308 | Trove    | Identified the amulet of Ogi Ymul {rF+ Regen+}
 20315 | Trove    | Identified the amulet of Mistrust {RegenMP rN+}
 20317 | Trove    | Identified the ring "Pabec" {rF+ rN+ Str+6}
 20319 | Trove    | Identified the ring "Sokk" {Ice Int+4}
 20326 | Trove    | Identified the ring "Jeixeu Zated" {rElec Str+4 Dex+6}
 20328 | Trove    | Identified the amulet "Laanuow" {Spirit Int+7}
 20444 | D:12     | Noticed Kirke
 20449 | D:12     | Noticed a sphinx
 20468 | D:11     | Killed Kirke
 20617 | D:12     | Found a staircase to the Orcish Mines.
 20881 | D:12     | Found a runed translucent door.
 20883 | D:12     | Found a runed translucent door.
 21280 | Shoals:1 | Entered Level 1 of the Shoals
 21310 | Shoals:1 | Noticed Josephine
 21320 | Shoals:1 | Killed Josephine
 21619 | Shoals:1 | Found Lyosun's Jewellery Emporium.
 21838 | Shoals:1 | Noticed a titan
 21838 | Shoals:1 | Noticed a frost giant
 21846 | Shoals:1 | Killed a frost giant
 21893 | Shoals:1 | Killed a titan
 22589 | Shoals:2 | Noticed Ilsuiw
 22600 | Shoals:2 | Slain by a merfolk

Illustrated notes

Levels and vault maps discovered:
D:1:      scummos_arrival_star, layout_loops_ring, serial_shops,
          nicolae_square_shop, shop, shop, nicolae_shop_window_shopping, shop,
          minmay_misc_feat_alley, hangedman_abyss_or_decor_lesser_grid,
          minmay_domino_4
D:2:      layout_loops_ring, minmay_door_square, serial_bayou_ford_a
D:3:      minmay_recursive_quarters, layout_basic, minitemple,
          serial_corexii_hall, chequers_hall_statues_corner_a,
          corexii_hall_statues_i, hex_intersection
D:4:      layout_loops_corners, kennysheep_windowed_goal, uniq_robin,
          uniq_eustachio
D:5:      layout_loops_ring, nicolae_qazlal_style_of_elements,
          uniq_prince_ribbit1, uniq_duvessa
D:6:      layout_loops_cross, enter_ossuary_5, uniq_pikel, uniq_grinder
D:7:      layout_loops_ring, minmay_temple_entry_waves, uniq_joseph
D:8:      layout_basic, tgw_fedhas, erik_lair_orcish_takeover
D:9:      layout_gridville
D:10:     layout_roguey, minmay_misc_feat_nine_boxes
D:11:     layout_roguey, nicolae_trove_entry_columns
D:12:     lemuel_insect_pit, layout_rooms, erik_orc_2, uniq_kirke
Temple:   dpeg_chambers_temple
Lair:1:   layout_regular_city, chequers_serial_rivers_room_b,
          grunt_megastairs_1, infiniplex_staircase_pool_2, lemuel_fruit_fields
Lair:2:   layout_cave_pods, shoals_dummy_entry,
          nicolae_spider_entry_orb_guardian, small_statue_intersection,
          minmay_lair_oklob_chamber
Lair:3:   layout_cave_pods
Lair:4:   layout_regular_city, serial_bayou_lagoon_b, lemuel_fruit_tree,
          uniq_snorg
Lair:5:   cheibrodos_lair_overgrown_chateau, layout_regular_city
Lair:6:   evilmike_catoblepas_cave, layout_hall_layers, slime_dummy,
          chequers_serial_rivers_micro_b, minivault_11, grunt_megastairs_5
Shoals:1: cheibrodos_shoals_gigantism, layout_shoals,
          minmay_shop_enchanted_jewellery, nicolae_shoals_circle_sea_wall,
          uniq_josephine
Shoals:2: layout_shoals, centaur_isle, uniq_frances, uniq_ilsuiw

Skill      XL: |  1  2  3  4  5  6  7  8  9 10 11 12 13 14 |
---------------+-------------------------------------------+-----
Maces & Flails | 4 7 8 |  8.4
Fighting       | 3 4 5 6 7 9 10 12 13 15 16 | 16.4
Dodging        | 4 0 |  0.0
Axes           | 1 3 5 7 9 11 13 14 15 16 17 | 17.9
Armour         | 1 2 4 6 7 9 11 13 14 15 | 15.9
Throwing       | 4 |  4.6

Action                   |  1- 3 |  4- 6 |  7- 9 | 10-12 | 13-15 || total
-------------------------+-------+-------+-------+-------+-------++-------
Melee: Battleaxe         |    41 |    52 |   129 |   233 |   341 ||   796
       Headbutt          |     6 |     8 |    36 |    92 |   102 ||   244
       Flail             |     3 |       |       |       |       ||     3
       Whip              |       |       |       |   125 |     9 ||   134
Throw: Dart              |       |       |       |       |    17 ||    17
       Throwing net      |       |       |       |       |     1 ||     1
Invok: Reject Sacrifices |       |       |     1 |       |     1 ||     2
       Sacrifice Love    |       |       |       |     1 |       ||     1
       Sacrifice Artific |       |       |       |     1 |       ||     1
       Sacrifice Nimblen |       |       |       |     1 |       ||     1
  Use: Scroll            |     7 |       |     5 |    11 |     3 ||    26
 Stab: Distracted        |       |       |     1 |     4 |     3 ||     8
       Invisible         |       |       |       |     2 |     5 ||     7
Armor: Leather armour    |     8 |     7 |     1 |       |       ||    16
       Plate armour      |       |       |    35 |   103 |   182 ||   320
Dodge: Dodged            |    44 |    45 |   100 |   201 |   144 ||   534

Table legend: (Time is in decaauts)
 A = Elapsed time spent in this place.
 B = Non-inter-level travel time spent in this place.
 C = Inter-level travel time spent in this place.
 D = Time resting spent in this place.
 E = Time spent auto-exploring this place.
 F = Levels seen in this place.
 G = Mean time per level.
                   A        B        C        D        E       F      G
               +--------+--------+--------+--------+--------+-----+--------+
         Total |  22749 |  20770 |   1979 |   3614 |  14036 |  23 |  989.1 |
       Dungeon |  11137 |  10055 |   1082 |    873 |   7773 |  12 |  928.1 |
        Temple |    226 |    203 |     23 |      0 |    203 |   1 |  226.0 |
          Lair |   9987 |   9184 |    803 |   2560 |   5227 |   6 | 1664.5 |
        Shoals |   1146 |   1075 |     71 |    181 |    697 |   2 |  573.0 |
         Trove |     47 |     47 |      0 |      0 |      0 |   1 |   47.0 |
       Ossuary |    202 |    202 |      0 |      0 |    135 |   1 |  202.0 |
               +--------+--------+--------+--------+--------+-----+--------+

Top non-repeatable levels by time:
  Lair:6: 2249 daAuts
  Lair:4: 1785 daAuts
  Lair:5: 1703 daAuts
  Lair:2: 1479 daAuts
  Lair:1: 1477 daAuts
  Lair:3: 1291 daAuts
    D:11: 1154 daAuts
     D:1: 1113 daAuts
Shoals:1: 1111 daAuts
     D:4: 1097 daAuts
     D:8: 992 daAuts
     D:2: 990 daAuts
     D:9: 958 daAuts
     D:6: 879 daAuts
     D:7: 869 daAuts
